[ AOE2 MATCH · #506806081 ]
UnrankedPersians vs Cumans
Player's team · LOSS
Rival team · WIN
[ REPLAY ANALYSIS · EXTRACTED FROM THE RECORDED GAME ]
Feudal
8:49
Castle
25:20
Imperial
42:51
| APM avg | 69.1 |
| APM peak | 108 |
| eAPM avg | 32.7 |
| Villagers / military | 166 / 214 |
Focus
⚔️ 45.1% · 🌾 54.9%
Skirmisher ×78 · Camel Scout ×77 · Archer ×33 · Militia ×5 · Scout Cavalry ×5 · Trebuchet (Packed) ×4
Feudal
8:51
Castle
25:15
Imperial
40:19
| APM avg | 60.4 |
| APM peak | 96 |
| eAPM avg | 28.3 |
| Villagers / military | 176 / 254 |
Focus
⚔️ 26.3% · 🌾 73.7%
Kipchak ×121 · Scout Cavalry ×114 · Skirmisher ×11 · Trebuchet (Packed) ×8
Match map
Initial resources + every placement click. Lines = walls · curves = elevation contours. ◆ gold · ⬟ stone · ● berries · ✦ relic · ◌ wall gap
Your base· Open — unwalled flank
HT229's base· Open — unwalled flank
Smoothed initial terrain · ◌ = detected wall gap · hover for details
Inputs per minute
— Pirate - - HT229
Build order — Pirate
First 150 of 627 actions detected
| 0:00 | Queue | Villager (Male) |
| 0:00 | Queue | Villager (Male) |
| 0:00 | Queue | Villager (Male) |
| 0:00 | Queue | Villager (Male) |
| 0:02 | Build | House |
| 0:03 | Build | House |
| 0:05 | Queue | Villager (Male) |
| 1:20 | Queue | Villager (Male) |
| 1:21 | Queue | Villager (Male) |
| 1:52 | Queue | Villager (Male) |
| 1:55 | Build | Lumber Camp |
| 2:07 | Queue | Villager (Male) |
| 2:08 | Queue | Villager (Male) |
| 2:37 | Queue | Villager (Male) |
| 2:38 | Queue | Villager (Male) |
| 3:12 | Queue | Villager (Male) |
| 3:13 | Queue | Villager (Male) |
| 3:39 | Build | House |
| 3:44 | Build | House |
| 3:48 | Queue | Villager (Male) |
| 3:53 | Build | House |
| 4:22 | Queue | Villager (Male) |
| 4:22 | Queue | Villager (Male) |
| 4:38 | Build | Barracks |
| 4:43 | Queue | Villager (Male) |
| 4:45 | Queue | Villager (Male) |
| 4:46 | Queue | Villager (Male) |
| 5:29 | Queue | Villager (Male) |
| 5:41 | Queue | Villager (Male) |
| 6:18 | Build | Mining Camp |
| 6:21 | Research | Loom |
| 6:41 | Research | Feudal Age |
| 6:41 | Research | Feudal Age |
| 6:50 | Queue | Militia |
| 6:50 | Queue | Militia |
| 7:04 | Build | House |
| 7:14 | Queue | Militia |
| 7:14 | Queue | Militia |
| 7:30 | Queue | Militia |
| 8:19 | Queue | Villager (Male) |
| 8:49 | Age | Feudal Age |
| 8:51 | Research | Man-at-Arms (upgrade) |
| 8:51 | Research | Man-at-Arms (upgrade) |
| 9:10 | Queue | Villager (Male) |
| 9:13 | Build | Archery Range |
| 9:21 | Build | Mill |
| 9:33 | Queue | Villager (Male) |
| 9:45 | Queue | Villager (Male) |
| 9:48 | Queue | Spearman |
| 9:59 | Build | House |
| 10:05 | Build | Palisade Wall |
| 10:06 | Research | Double-Bit Axe |
| 10:09 | Queue | Archer |
| 10:09 | Queue | Archer |
| 10:09 | Queue | Archer |
| 10:18 | Queue | Villager (Male) |
| 10:30 | Build | House |
| 10:30 | Build | House |
| 10:52 | Queue | Villager (Male) |
| 10:53 | Queue | Villager (Male) |
| 10:55 | Build | Farm |
| 11:10 | Queue | Archer |
| 11:21 | Build | Farm |
| 11:50 | Queue | Villager (Male) |
| 11:51 | Queue | Archer |
| 11:59 | Build | Mining Camp |
| 11:59 | Queue | Villager (Male) |
| 12:21 | Queue | Archer |
| 12:39 | Queue | Archer |
| 12:44 | Queue | Villager (Male) |
| 12:44 | Queue | Villager (Male) |
| 12:47 | Build | Blacksmith |
| 12:48 | Build | House |
| 12:50 | Queue | Villager (Male) |
| 13:06 | Build | Watch Tower |
| 13:08 | Queue | Archer |
| 13:09 | Queue | Villager (Male) |
| 13:21 | Build | House |
| 13:22 | Build | Palisade Wall |
| 13:23 | Build | Palisade Wall |
| 13:25 | Queue | Villager (Male) |
| 13:38 | Research | Fletching |
| 13:41 | Queue | Archer |
| 13:44 | Build | Palisade Wall |
| 13:44 | Build | Palisade Wall |
| 13:45 | Build | Palisade Wall |
| 13:46 | Build | Palisade Wall |
| 14:06 | Queue | Villager (Male) |
| 14:06 | Queue | Villager (Male) |
| 14:24 | Queue | Archer |
| 14:24 | Queue | Archer |
| 14:25 | Queue | Villager (Male) |
| 14:27 | Build | Farm |
| 14:27 | Build | Farm |
| 14:45 | Queue | Villager (Male) |
| 14:46 | Build | Palisade Wall |
| 14:48 | Build | House |
| 14:57 | Build | Outpost |
| 15:00 | Build | Outpost |
| 15:02 | Queue | Villager (Male) |
| 15:06 | Build | Farm |
| 15:15 | Queue | Archer |
| 15:15 | Queue | Archer |
| 15:22 | Queue | Spearman |
| 15:36 | Build | Watch Tower |
| 15:47 | Build | Watch Tower |
| 15:51 | Queue | Archer |
| 16:05 | Queue | Villager (Male) |
| 16:05 | Queue | Villager (Male) |
| 16:10 | Build | Farm |
| 16:14 | Queue | Villager (Male) |
| 16:19 | Build | Palisade Wall |
| 16:20 | Build | Palisade Wall |
| 16:47 | Queue | Archer |
| 16:48 | Queue | Archer |
| 16:50 | Queue | Villager (Male) |
| 17:05 | Build | Watch Tower |
| 17:13 | Build | Stable |
| 17:16 | Queue | Archer |
| 17:47 | Queue | Archer |
| 17:47 | Queue | Archer |
| 17:57 | Queue | Villager (Male) |
| 17:58 | Queue | Villager (Male) |
| 17:58 | Queue | Villager (Male) |
| 18:03 | Queue | Villager (Male) |
| 18:07 | Build | Farm |
| 18:07 | Build | Farm |
| 18:07 | Build | Farm |
| 18:08 | Build | Farm |
| 18:11 | Queue | Scout Cavalry |
| 18:11 | Queue | Scout Cavalry |
| 18:33 | Queue | Villager (Male) |
| 18:33 | Queue | Villager (Male) |
| 18:36 | Build | Watch Tower |
| 18:53 | Queue | Archer |
| 19:00 | Build | Farm |
| 19:01 | Build | Farm |
| 19:12 | Queue | Scout Cavalry |
| 19:29 | Queue | Villager (Male) |
| 19:31 | Build | Farm |
| 19:31 | Build | Farm |
| 19:34 | Build | Farm |
| 19:43 | Build | Palisade Wall |
| 19:44 | Build | Palisade Wall |
| 19:45 | Build | Palisade Wall |
| 19:45 | Build | Palisade Wall |
| 19:58 | Build | House |
| 19:59 | Build | House |
| 20:04 | Build | Palisade Wall |
| 20:08 | Queue | Villager (Male) |
Build order — HT229
First 150 of 493 actions detected
| 0:00 | Queue | Villager (Male) |
| 0:01 | Queue | Villager (Male) |
| 0:02 | Build | House |
| 0:02 | Build | House |
| 0:05 | Queue | Villager (Male) |
| 0:05 | Queue | Villager (Male) |
| 1:24 | Queue | Villager (Male) |
| 1:24 | Queue | Villager (Male) |
| 1:24 | Queue | Villager (Male) |
| 1:54 | Build | Lumber Camp |
| 1:57 | Queue | Villager (Male) |
| 1:58 | Queue | Villager (Male) |
| 2:24 | Queue | Villager (Male) |
| 2:24 | Queue | Villager (Male) |
| 2:24 | Queue | Villager (Male) |
| 2:24 | Queue | Villager (Male) |
| 2:53 | Queue | Villager (Male) |
| 2:53 | Queue | Villager (Male) |
| 2:56 | Queue | Villager (Male) |
| 2:56 | Queue | Villager (Male) |
| 2:56 | Queue | Villager (Male) |
| 3:32 | Queue | Villager (Male) |
| 3:33 | Queue | Villager (Male) |
| 3:37 | Queue | Villager (Male) |
| 3:37 | Queue | Villager (Male) |
| 3:49 | Build | House |
| 4:04 | Queue | Villager (Male) |
| 4:04 | Queue | Villager (Male) |
| 4:04 | Queue | Villager (Male) |
| 4:09 | Queue | Villager (Male) |
| 4:09 | Queue | Villager (Male) |
| 4:10 | Queue | Villager (Male) |
| 4:10 | Queue | Villager (Male) |
| 4:39 | Queue | Villager (Male) |
| 4:44 | Build | Mill |
| 5:17 | Queue | Villager (Male) |
| 6:11 | Research | Loom |
| 6:11 | Research | Loom |
| 6:34 | Research | Feudal Age |
| 6:35 | Research | Feudal Age |
| 7:16 | Build | House |
| 8:51 | Age | Feudal Age |
| 8:53 | Build | Town Center |
| 8:59 | Queue | Villager (Male) |
| 9:00 | Queue | Villager (Male) |
| 9:00 | Queue | Villager (Male) |
| 9:45 | Build | House |
| 9:47 | Build | House |
| 9:53 | Build | Palisade Wall |
| 9:54 | Build | Palisade Wall |
| 9:55 | Queue | Villager (Male) |
| 10:02 | Build | Palisade Wall |
| 10:04 | Build | Palisade Wall |
| 10:20 | Queue | Villager (Male) |
| 10:34 | Queue | Villager (Male) |
| 10:35 | Queue | Villager (Male) |
| 10:35 | Queue | Villager (Male) |
| 10:54 | Queue | Villager (Male) |
| 10:56 | Queue | Villager (Male) |
| 10:57 | Queue | Villager (Male) |
| 11:09 | Queue | Villager (Male) |
| 11:15 | Build | House |
| 11:29 | Build | House |
| 11:47 | Build | Farm |
| 11:56 | Queue | Villager (Male) |
| 12:10 | Queue | Villager (Male) |
| 12:15 | Queue | Villager (Male) |
| 12:16 | Build | Farm |
| 12:19 | Queue | Villager (Male) |
| 12:26 | Queue | Villager (Male) |
| 12:40 | Build | Market |
| 12:50 | Queue | Villager (Male) |
| 12:50 | Queue | Villager (Male) |
| 12:50 | Queue | Villager (Male) |
| 12:50 | Queue | Villager (Male) |
| 12:51 | Queue | Villager (Male) |
| 12:51 | Queue | Villager (Male) |
| 12:59 | Build | Barracks |
| 13:07 | Queue | Villager (Male) |
| 13:11 | Build | Farm |
| 13:13 | Build | Farm |
| 13:39 | Build | Archery Range |
| 13:54 | Build | Farm |
| 13:56 | Build | Farm |
| 13:57 | Build | Farm |
| 14:12 | Queue | Skirmisher |
| 14:13 | Queue | Skirmisher |
| 14:30 | Build | Lumber Camp |
| 14:39 | Queue | Skirmisher |
| 14:45 | Queue | Villager (Male) |
| 15:06 | Queue | Villager (Male) |
| 15:22 | Build | Lumber Camp |
| 15:31 | Queue | Skirmisher |
| 15:31 | Queue | Skirmisher |
| 15:31 | Queue | Skirmisher |
| 15:32 | Queue | Skirmisher |
| 15:50 | Queue | Skirmisher |
| 16:08 | Build | Mining Camp |
| 16:10 | Queue | Skirmisher |
| 16:14 | Build | Farm |
| 16:17 | Build | Farm |
| 16:22 | Build | House |
| 16:37 | Queue | Skirmisher |
| 16:39 | Build | House |
| 17:15 | Build | Watch Tower |
| 17:24 | Queue | Skirmisher |
| 17:54 | Queue | Villager (Male) |
| 17:54 | Queue | Villager (Male) |
| 18:43 | Queue | Villager (Male) |
| 18:44 | Queue | Villager (Male) |
| 18:46 | Build | Farm |
| 18:47 | Build | Farm |
| 18:48 | Build | Farm |
| 18:55 | Build | Blacksmith |
| 19:11 | Queue | Villager (Male) |
| 19:11 | Queue | Villager (Male) |
| 19:15 | Build | Watch Tower |
| 19:17 | Queue | Villager (Male) |
| 19:18 | Queue | Villager (Male) |
| 19:35 | Build | Farm |
| 19:39 | Build | Farm |
| 19:40 | Build | Farm |
| 20:00 | Build | Watch Tower |
| 20:05 | Build | House |
| 20:11 | Queue | Villager (Male) |
| 20:11 | Queue | Villager (Male) |
| 20:17 | Build | Market |
| 20:31 | Queue | Villager (Male) |
| 20:32 | Queue | Villager (Male) |
| 20:39 | Build | Watch Tower |
| 20:43 | Research | Fletching |
| 20:43 | Research | Fletching |
| 20:51 | Build | Watch Tower |
| 20:54 | Build | Watch Tower |
| 21:28 | Build | Mining Camp |
| 22:35 | Research | Castle Age |
| 22:35 | Research | Castle Age |
| 22:36 | Research | Castle Age |
| 22:45 | Build | Palisade Wall |
| 22:49 | Build | Palisade Wall |
| 22:53 | Build | Watch Tower |
| 23:11 | Build | Lumber Camp |
| 23:43 | Research | Double-Bit Axe |
| 23:43 | Research | Double-Bit Axe |
| 24:02 | Build | Farm |
| 24:11 | Queue | Villager (Male) |
| 24:16 | Build | Farm |
| 24:19 | Queue | Villager (Male) |
| 24:20 | Queue | Villager (Male) |
| 24:39 | Build | House |
Match timeline
| 4:38 | Pirate · first_building Barracks |
| 8:49 | Pirate · age_up feudal |
| 8:51 | HT229 · age_up feudal |
| 9:13 | Pirate · first_building Archery Range |
| 9:53 | HT229 · wall_segment Palisade Wall x1 |
| 9:54 | HT229 · wall_segment Palisade Wall x1 |
| 10:02 | HT229 · wall_segment Palisade Wall x1 |
| 10:04 | HT229 · wall_segment Palisade Wall x1 |
| 10:05 | Pirate · wall_segment Palisade Wall x5 |
| 12:59 | HT229 · first_building Barracks |
| 13:22 | Pirate · wall_segment Palisade Wall x5 |
| 13:23 | Pirate · wall_segment Palisade Wall x1 |
| 13:39 | HT229 · first_building Archery Range |
| 13:44 | Pirate · wall_segment Palisade Wall x1 |
| 13:44 | Pirate · wall_segment Palisade Wall x1 |
| 13:45 | Pirate · wall_segment Palisade Wall x2 |
| 13:46 | Pirate · wall_segment Palisade Wall x1 |
| 14:46 | Pirate · wall_segment Palisade Wall x1 |
| 16:19 | Pirate · wall_segment Palisade Wall x1 |
| 16:20 | Pirate · wall_segment Palisade Wall x1 |
| 17:13 | Pirate · first_building Stable |
| 19:43 | Pirate · wall_segment Palisade Wall x1 |
| 19:44 | Pirate · wall_segment Palisade Wall x1 |
| 19:45 | Pirate · wall_segment Palisade Wall x1 |
| 19:45 | Pirate · wall_segment Palisade Wall x1 |
| 20:04 | Pirate · wall_segment Palisade Wall x6 |
| 20:23 | Pirate · wall_segment Palisade Wall x1 |
| 21:45 | Pirate · wall_segment Palisade Wall x1 |
| 21:46 | Pirate · wall_segment Palisade Wall x1 |
| 21:47 | Pirate · wall_segment Palisade Wall x1 |
| 21:47 | Pirate · wall_segment Palisade Wall x1 |
| 22:28 | HT229 · first_market_buy 100 food |
| 22:45 | HT229 · wall_segment Palisade Wall x1 |
| 22:49 | HT229 · wall_segment Palisade Wall x1 |
| 23:38 | Pirate · wall_segment Palisade Wall x5 |
| 23:41 | Pirate · wall_segment Palisade Wall x1 |
| 23:42 | Pirate · wall_segment Palisade Wall x1 |
| 23:43 | Pirate · wall_segment Palisade Wall x1 |
| 23:43 | Pirate · wall_segment Palisade Wall x1 |
| 23:55 | Pirate · first_market_buy 100 food |
| 25:15 | HT229 · age_up castle |
| 25:20 | Pirate · age_up castle |
| 25:23 | HT229 · first_building Castle |
| 26:18 | HT229 · first_building Stable |
| 26:34 | HT229 · first_market_sell 100 stone |
| 26:39 | Pirate · first_market_sell 100 wood |
| 29:09 | Pirate · first_building Siege Workshop |
| 39:10 | Pirate · first_building Monastery |
| 40:19 | HT229 · age_up imperial |
| 40:25 | Pirate · first_building Castle |
| 41:07 | Pirate · wall_segment Stone Wall x6 |
| 41:10 | Pirate · wall_segment Stone Wall x4 |
| 41:12 | Pirate · wall_segment Stone Wall x9 |
| 42:51 | Pirate · age_up imperial |
| 47:02 | HT229 · first_building Siege Workshop |
| 49:34 | Pirate · resign |
[ AI ANALYSIS · 1 CREDIT ]
What really happened in this match?
Wolo.gg analyzes every decision: build order, eco, micro, common mistakes by bracket. Personalized analysis on WhatsApp or Discord in 30 seconds.
Civ guide
Persians
Perfil
Jugador #1314256